 Dungeon Crawl Stone Soup version 0.31-a0-1098-g6898e6545c (webtiles) character file.

Game seed: 1132265459205598358

1280 Gargoyl the Chopper (level 8, -2/51 HPs)
             Began as a Gargoyle Berserker on Nov 30, 2023.
             Was an Elder of Trog.
             Slain by an orc warrior
             ... wielding a +4 mace
              (7 damage)
             ... on level 5 of the Dungeon.
             The game lasted 00:07:41 (4204 turns).

Gargoyl the Chopper (Gargoyle Berserker)            Turns: 4204, Time: 00:07:41

Health: -2/51      AC: 27    Str: 22    XL:     8   Next: 54%
Magic:  0/8        EV:  9    Int:  7    God:    Trog [****..]
Gold:   119        SH:  0    Dex: 11    Spells: 7/7 levels left

rFire   . . .        a - +1 hand axe (protect)
rCold   . . .        (no shield)
rNeg    + . .        r - +0 chain mail
rPois   ∞            p - +0 helmet
rElec   +            d - +0 cloak
rCorr   .            e - +2 pair of gloves
SInv    .            (no boots)
Will    .....        l - amulet of guardian spirit Stlth
                     (no ring)
HPRegen 0.28/turn    (no ring)
MPRegen 0.11/turn

%: guardian spirit
@: under a protective aura
A: sickness immunity, AC +5, negative energy resistance 1, electricity
resistance, torment resistance 1, petrification resistance
a: Renounce Religion, Berserk, Trog's Hand, Brothers in Arms


You were on level 5 of the Dungeon.
You worshipped Trog.
Trog was greatly pleased with you.
You visited 1 branch of the dungeon, and saw 5 of its levels.

You collected 168 gold pieces.
You spent 49 gold pieces at shops.

Inventory:

Hand Weapons
 a - a +1 hand axe of protection (weapon)
Missiles
 g - 9 poisoned darts (quivered)
Armour
 d - a +0 cloak (worn)
 e - a +2 pair of gloves (worn)
 p - a +0 helmet (worn)
 r - a +0 chain mail (worn)
Jewellery
 l - an amulet of guardian spirit (around neck)
Wands
 b - a wand of flame (5)
Scrolls
 h - 4 scrolls of teleportation
 o - 2 scrolls of identify
 q - a scroll of butterflies {unknown}
 s - a scroll of poison
 u - a scroll of fog
Potions
 c - 2 potions of cancellation {unknown}
 f - 2 potions of degeneration {unknown}
 i - 3 potions of haste
 j - 2 potions of mutation {unknown}
 k - a potion of brilliance {unknown}
 m - a potion of ambrosia {unknown}
 n - a potion of enlightenment {unknown}


   Skills:
 + Level 5.7 Fighting
 + Level 6.9 Axes
 + Level 3.2 Armour
 + Level 4.3 Dodging
 + Level 2.3 Stealth


You had 7 spell levels left.
You didn't know any spells.
Your spell library was empty.

Dungeon Overview and Level Annotations

Branches:
Dungeon (5/15)             Temple (0/1) D:5

Altars:
Cheibriados
Elyvilon
Qazlal

Shops:
D:2 *   D:5 ![:


Innate Abilities, Weirdness & Mutations

You are immune to sickness and miasma.
Your stone body is resilient. (AC +5)
You are immune to poison.
You resist negative energy. (rN+)
You are resistant to electric shocks. (rElec)
You are resistant to unholy torment.
You are immune to petrification.


Message History

The orc warrior is severely wounded.
The orc warrior hits you with a +4 mace!
You hit the orc warrior.
The orc warrior is severely wounded.
The orc warrior hits you but does no damage.
You closely miss the orc warrior.
The orc warrior is severely wounded.
The orc warrior hits you but does no damage.
You hit the orc warrior but do no damage.
The orc warrior is severely wounded.
The orc warrior hits you but does no damage.
You hit the orc warrior but do no damage.
The orc warrior is severely wounded.
The orc warrior hits you but does no damage.
You barely miss the orc warrior.
The orc warrior is severely wounded.
The orc warrior hits you but does no damage.
You hit the orc warrior but do no damage.
The orc warrior is severely wounded.
The orc warrior hits you with a +4 mace.
You closely miss the orc warrior.
The orc warrior is severely wounded.
You hit the orc warrior.
The orc warrior is almost dead.
The orc warrior barely misses you.
You closely miss the orc warrior.
The orc warrior is almost dead.
The orc warrior hits you with a +4 mace!
* * * LOW HITPOINT WARNING * * *
You hit the orc warrior.
The orc warrior is almost dead.
The orc warrior hits you with a +4 mace!
* * * LOW HITPOINT WARNING * * *
You hit the orc warrior but do no damage.
The orc warrior is almost dead.
The orc warrior closely misses you.
You closely miss the orc warrior.
The orc warrior is almost dead.
The orc warrior hits you with a +4 mace!
You die...

#####.P.♣♣..P♣♣.P...~.≈.#
....#....♣♣.♣♣PP.#####≈[#
###.#.~~P..P..P~≈# #.# #
#.##≈~.P♣♣♣P.≈≈# #.#
#.#####.....#########.#
#.### #####........(..#
#...# #############
###.##################
#...........@o{o....
####################


You could see an orc warrior and an orc.

Vanquished Creatures
  Sigmund (D:5)
  Menkaure (D:5)
  A black bear (D:5)
  2 ogres (D:4)
  2 phantoms (D:5)
  A scorpion (D:5)
  2 hounds
  An orc priest (D:4)
  Natasha (D:2)
  An iguana (D:4)
  4 orc wizards
  A mummy (D:3)
  Robin (D:4)
  8 adders
  A gnoll (D:1)
  2 ufetubi (D:5)
  12 dart slugs
  21 orcs
  12 ball pythons
  3 bats
  14 endoplasms
  2 giant cockroaches
  16 hobgoblins
  4 jackals (D:2)
  10 kobolds
  6 quokkas
  6 frilled lizards
  13 goblins
  10 rats
159 creatures vanquished.

Vanquished Creatures (others)
  A butterfly (D:5)
1 creature vanquished.

Grand Total: 160 creatures vanquished

Notes
Turn   | Place    | Note
-------+----------+-------------------------------------------
     0 | D:1      | Gargoyl the Gargoyle Berserker began the quest for the Orb.
     0 | D:1      | Reached XP level 1. HP: 14/14 MP: 1/1
    87 | D:1      | Reached XP level 2. HP: 11/19 MP: 2/2
    88 | D:1      | Reached skill level 3 in Axes
   335 | D:1      | Reached XP level 3. HP: 22/24 MP: 3/3
  1030 | D:2      | Reached ** piety under Trog
  1176 | D:2      | Reached XP level 4. HP: 29/29 MP: 4/4
  1223 | D:2      | Found Diam's General Store.
  1313 | D:2      | Reached skill level 4 in Axes
  1391 | D:2      | Reached XP level 5. HP: 30/33 MP: 5/5
  1527 | D:2      | Noticed Natasha
  1539 | D:2      | Killed Natasha
  1576 | D:2      | Found a faded altar of an unknown god.
  1885 | D:3      | Reached skill level 1 in Stealth
  1992 | D:3      | Reached *** piety under Trog
  2158 | D:3      | Reached XP level 6. HP: 37/39 MP: 6/6
  2332 | D:3      | Found a snail-covered altar of Cheibriados.
  2704 | D:4      | Noticed Robin
  2719 | D:4      | Killed Robin
  2720 | D:4      | Reached skill level 5 in Axes
  2726 | D:4      | Reached XP level 7. HP: 31/44 MP: 3/7
  2959 | D:4      | Reached skill level 5 in Fighting
  3223 | D:5      | Entered Level 5 of the Dungeon
  3225 | D:5      | Noticed Menkaure
  3235 | D:5      | Killed Menkaure
  3236 | D:5      | Reached skill level 6 in Axes
  3415 | D:5      | Found a stormy altar of Qazlal.
  3481 | D:5      | Found Zacseza's Distillery.
  3482 | D:5      | Found Seonir's Armour Shop.
  3484 | D:5      | Found Qosior's Book Shop.
  3490 | D:5      | Bought a +0 chain mail for 49 gold pieces
  3507 | D:5      | Noticed Sigmund
  3516 | D:5      | Killed Sigmund
  3517 | D:5      | Reached XP level 8. HP: 49/49 MP: 6/8
  3531 | D:5      | Found a staircase to the Ecumenical Temple.
  3939 | D:5      | Found a white marble altar of Elyvilon.
  3972 | D:5      | Reached **** piety under Trog
  3985 | D:5      | Identified the +7 orcbow of Dissent {flame, Fragile +Blink
                  | Int+3 SInv}
  4204 | D:5      | Slain by an orc warrior

Illustrated notes

Levels and vault maps discovered:
D:1:      nicolae_arrival_somewhat_less_tricky_arrival, layout_basic,
          st_stairs_5, corexii_item_surrounded_by_moat, minmay_misc_feat_chi
D:2:      layout_basic, serial_forest, infiniplex_forest_lined_room_,
          infiniplex_forest_straight_2, infiniplex_forest_clump_long,
          infiniplex_forest_corner_1, infiniplex_forest_3_way, serial_shops,
          nicolae_shop_advertising_works [nicolae_subvault_shop_adworks],
          dreamdust_ecumenical_altar_angels_and_demons, uniq_natasha
D:3:      layout_rooms, chei_slow_surprise, minmay_guardbox
D:4:      kennysheep_slugbush, layout_basic, kennysheep_cluttered_room,
          uniq_robin
D:5:      layout_basic, mainiacjoe_overflow_tiny_flanked,
          nicolae_elyvilon_peaceful_grove, minmay_temple_entry_slanted,
          kennysheep_minor_cross, nicolae_shop_distant_corner_stores,
          chequers_serial_rivers_micro_e, nicolae_shop_self_help, uniq_menkaure,
          uniq_sigmund

Skill      XL: |  1  2  3  4  5  6  7  8 |
---------------+-------------------------+-----
Axes           | 3 4 5 6 |  6.9
Dodging        | 2 3 4 |  4.3
Fighting       | 4 5 |  5.7
Stealth        | 1 2 |  2.3
Armour         | 3 |  3.2

Action                     |  1- 3 |  4- 6 |  7- 9 || total
---------------------------+-------+-------+-------++-------
  Melee: Hand axe          |   126 |   199 |   217 ||   542
         Punch             |       |     4 |     2 ||     6
 Invoke: Berserk           |     1 |     4 |     3 ||     8
         Trog's Hand       |       |     3 |     1 ||     4
    Use: Scroll            |     7 |     6 |       ||    13
   Stab: Sleeping          |     1 |     2 |     1 ||     4
 Armour: Animal skin       |    87 |   151 |   101 ||   339
         Chain mail        |       |       |   138 ||   138
  Dodge: Dodged            |    83 |   144 |   122 ||   349

Table legend: (Time is in decaauts)
 A = Elapsed time spent in this place.
 B = Non-inter-level travel time spent in this place.
 C = Inter-level travel time spent in this place.
 D = Time resting spent in this place.
 E = Time spent auto-exploring this place.
 F = Levels seen in this place.
 G = Mean time per level.
                   A        B        C        D        E       F      G
               +--------+--------+--------+--------+--------+-----+--------+
         Total |   4347 |   4258 |     89 |      0 |   2762 |   5 |  869.4 |
       Dungeon |   4347 |   4258 |     89 |      0 |   2762 |   5 |  869.4 |
               +--------+--------+--------+--------+--------+-----+--------+

Top non-repeatable levels by time:
     D:1: 1027 daAuts
     D:5: 1002 daAuts
     D:2: 899 daAuts
     D:4: 888 daAuts
     D:3: 529 daAuts
